 Dungeon Crawl Stone Soup version 0.28.0-53-g5a82cb258f (webtiles) character file.

Game seed: 3760851660426604755

8422 Woods the Martial Artist (level 11, -4/99 HPs)
             Began as a Gnoll Transmuter on May 31, 2022.
             Was a Priest of Cheibriados.
             Killed from afar by an acid dragon (22 damage)
             ... with a splash of acid
             ... on level 11 of the Dungeon.
             The game lasted 00:33:08 (12992 turns).

Woods the Martial Artist (Gnoll Transmuter)        Turns: 12992, Time: 00:33:08

Health: -4/99      AC:  6    Str: 17    XL:     11   Next: 30%
Magic:  23/23      EV: 14    Int: 24    God:    Cheibriados [***...]
Gold:   487        SH:  0    Dex: 19    Spells: 10/26 levels left

rFire   x . .      SeeInvis .     - Unarmed
rCold   + + +      Faith    .   (shield currently unavailable)
rNeg    . . .      Spirit   .   (armour currently unavailable)
rPois   +          Reflect  .   (helmet currently unavailable)
rElec   .          Harm     .   (cloak currently unavailable)
rCorr   .          Rampage  .   (gloves currently unavailable)
Will    .....                   (boots currently unavailable)
Stlth   +++.......              y - amulet of regeneration
HPRegen 1.06/turn               (no ring)
MPRegen 0.18/turn               (no ring)

@: about to teleport, ice-form, corroded, very slow
A: freezing attack, amphibious, boosted hp, large, (fangs 1), strong nose,
distributed training
a: End Transformation, Renounce Religion, Bend Time, Temporal Distortion


You were on level 11 of the Dungeon.
You worshipped Cheibriados.
Cheibriados was most pleased with you.
You were a creature of crystalline ice.
You visited 2 branches of the dungeon, and saw 13 of its levels.
You also visited: Sewer.

You collected 1472 gold pieces.
You spent 985 gold pieces at shops.

Inventory:

Missiles
 k - 2 throwing nets
 H - 196 stones
Armour
 f - a +0 ring mail
 g - a +0 pair of boots (melded)
 n - a +1 pair of gloves of hurling (melded)
 u - a +2 robe of cold resistance
 z - +0 acid dragon scales (melded)
 G - the +3 warlock's mirror (melded) {reflect}
   (You acquired it on level 5 of the Dungeon)

   It can block and reflect piercing ranged attacks and magical attacks against
   the wielder's willpower.
 I - the +3 hat of Pondering (melded) {ponderous, Will+ MP+10 Int+5}
   (You bought it in a shop on level 7 of the Dungeon)

   Int:       It affects your intelligence (+5).
   MP:        It affects your magic capacity (+10).
   Will:      It increases your willpower.
Jewellery
 h - a ring of fire
 y - an amulet of regeneration (around neck)
 U - a +4 ring of protection
 V - an amulet of magic regeneration
Wands
 i - a wand of flame (5)
 C - a wand of paralysis (16)
 K - a wand of charming (13)
 L - a wand of digging (4)
 O - a wand of iceblast (13)
 Q - a wand of polymorph (7)
 S - a wand of acid (7)
Scrolls
 b - 2 scrolls of enchant armour
 c - 3 scrolls of teleportation
 d - 2 scrolls of identify
 e - 2 scrolls of vulnerability {unknown}
 m - 2 scrolls of blinking
 p - a scroll of enchant weapon {unknown}
 s - 3 scrolls of fog
 w - 2 scrolls of silence
 x - a scroll of torment {unknown}
 A - a scroll of brand weapon {unknown}
 B - 2 scrolls of magic mapping {unknown}
 F - a scroll of noise {unknown}
 R - a scroll of amnesia {unknown}
 T - a scroll of summoning {unknown}
 W - a scroll of holy word {unknown}
Potions
 a - 2 potions of resistance
 j - 2 potions of degeneration {unknown}
 l - 9 potions of curing
 o - a potion of attraction {unknown}
 q - 2 potions of might {unknown}
 r - 2 potions of lignification {unknown}
 t - 2 potions of brilliance {unknown}
 v - 2 potions of mutation
 D - 2 potions of flight {unknown}
 E - a potion of ambrosia {unknown}
 J - a potion of cancellation
 M - a potion of magic
 P - 2 potions of haste {unknown}


   Skills:
 + Level 6.7 Fighting
 + Level 6.1 Short Blades
 + Level 6.1 Long Blades
 + Level 6.1 Axes
 + Level 6.1 Maces & Flails
 + Level 6.1 Polearms
 + Level 6.1 Staves
 + Level 6.1 Slings
 + Level 6.1 Bows
 + Level 6.1 Crossbows
 + Level 6.1 Throwing
 + Level 6.1 Armour
 + Level 7.8 Dodging
 + Level 6.1 Stealth
 + Level 6.1 Shields
 + Level 9.1 Unarmed Combat
 + Level 8.0 Spellcasting
 + Level 5.1 Conjurations
 + Level 5.1 Hexes
 + Level 5.1 Summonings
 + Level 5.1 Necromancy
 + Level 5.1 Translocations
 + Level 6.4 Transmutations
 + Level 5.1 Fire Magic
 + Level 5.1 Ice Magic
 + Level 5.1 Air Magic
 + Level 5.1 Earth Magic
 + Level 5.1 Poison Magic
 + Level 6.7 Invocations
 + Level 6.1 Evocations


You had 10 spell levels left.
You knew the following spells:

 Your Spells              Type           Power      Damage    Failure   Level
a - Beastly Appendage     Tmut           80%        N/A       1%          1
b - Wereblood             Tmut           40%        N/A       1%          2
c - Spider Form           Tmut/Pois      37%        N/A       1%          3
d - Ice Form              Ice/Tmut       37%        N/A       6%          4
e - Statue Form           Tmut/Erth      24%        N/A       67%         6

Your spell library contained the following spells:

 Spells                   Type           Power      Damage    Failure   Level
 Pain                     Necr           100%       1d9       1%          1
 Call Imp                 Summ           34%        N/A       1%          2
 Scorch                   Fire           68%        2d8       1%          2
 Petrify                  Tmut/Erth      37%        N/A       6%          4
 Flame Wave               Conj/Fire      34%        2d8       8%          4
 Fulminant Prism          Conj/Hex       17%        3d11      8%          4
 Agony                    Necr           34%        N/A       22%         5
 Excruciating Wounds      Necr           17%        N/A       22%         5
 Metabolic Englaciation   Hex/Ice        17%        N/A       22%         5
 Summon Cactus Giant      Summ           17%        N/A       77%         6
 Haunt                    Necr/Summ      17%        N/A       100%        7
 Malign Gateway           Summ/Tloc      17%        N/A       100%        7


Dungeon Overview and Level Annotations

Branches:
Dungeon (12/15)            Temple (1/1) D:7             Orc (0/2) D:11
  Sewer (visited)
   Lair: D:8-11

Altars:
Ashenzari
Cheibriados
Dithmenos
Elyvilon
Fedhas
Gozag
Hepliaklqana
Makhleb
Nemelex Xobeh
Qazlal
Ru
Sif Muna
Trog
Uskayaw
Vehumet
Wu Jian
Xom
Yredelemnul
Zin
The Shining One
Beogh

Shops:
D:7 !(**[

Annotations:
D:9 exclusions: tengu conjurer and tengu warrior
D:10 exclusion: two-headed ogre
D:11 exclusion: door


Innate Abilities, Weirdness & Mutations

You are a creature of crystalline ice.
You have a powerful freezing melee attack.
You are amphibious.
Your maximum health is increased.
Your armour is entirely melded.
You are incapable of wielding weapons or throwing items.
((You have very sharp teeth.))
Your uncanny sense of smell can sniff out nearby items.
Your experience applies equally to all skills.


Message History

The komodo dragon is lightly wounded.
The komodo dragon is no longer moving slowly.
The acid dragon closely misses you.
The acid dragon claws you but does no damage.
The komodo dragon bites you!
You punch the komodo dragon! You freeze the komodo dragon.
The komodo dragon is heavily wounded.
The acid dragon completely misses you.
The acid dragon claws you but does no damage.
The komodo dragon bites you!!
You hit the komodo dragon but do no damage.
The komodo dragon is heavily wounded.
The acid dragon barely misses you.
The acid dragon claws you but does no damage.
You hit the komodo dragon.
The komodo dragon seems to slow down.
You freeze the komodo dragon.
The komodo dragon is severely wounded.
The komodo dragon bites you!
Unknown command.
As you read the scroll of teleportation, it crumbles to dust.
You feel strangely unstable. The acid dragon spits acid at you.
The splash of acid hits you!!
* * * LOW HITPOINT WARNING * * *
The acid corrodes you! The komodo dragon bites you!
* * * LOW HITPOINT WARNING * * *
You feel much better. The acid dragon misses you.
The acid dragon claws you but does no damage.
You hit the komodo dragon but do no damage.
The komodo dragon is severely wounded.
The acid dragon bites you!
* * * LOW HITPOINT WARNING * * *
The acid dragon barely misses you. The komodo dragon bites you!
* * * LOW HITPOINT WARNING * * *
Unknown command.
You barely miss the komodo dragon.
The komodo dragon is severely wounded.
The acid dragon spits acid at you. The splash of acid hits you!!
You die...

##.# ## ## #.... ##^# .#
#..... ..#### ### .##.....#
##...### #######.###........
#####..###.##.#........$....
# #.....###..........##.#.
###........Dl##.#..#
#)###.####Y#..#### ∆
########### ###### ###
###.##..##.# #...# #.#
.........#.# #...# #.#
###.##...#.######...# #.#
#.##...#..........### #.#
#.##............#...# #.#
##.###..############.# #.#
#...##..# #.# #.##


You could see a komodo dragon (slow) and an acid dragon (catching breath).

Vanquished Creatures
  A boulder beetle (D:11)
  A two-headed ogre (D:12)
  2 cyclopes (D:11)
  A komodo dragon (D:11)
  A troll (D:10)
  2 hornets (D:10)
  A shadow (D:11)
  A wyvern (D:11)
  9 yaks (D:11)
  2 acid dragons
  2 black bears (D:7)
  3 orc warriors
  2 ice beasts
  A sky beast (D:6)
  3 ogres
  5 centaurs
  2 phantoms
  6 kobold brigands
  2 bullfrogs
  A wyvern zombie (D:8)
  7 killer bees
  An electric eel (D:7)
  6 wights
  4 howler monkeys
  A jelly (D:6)
  2 centaur zombies
  A hound (D:6)
  3 orc priests
  A gnoll shaman (D:9)
  A bullfrog skeleton (D:5)
  3 iguanas (D:6)
  Ijyb (D:5)
  A scorpion zombie (D:5)
  7 orc wizards
  A hound skeleton (D:4)
  5 howler monkey zombies
  A howler monkey skeleton (D:5)
  6 adders
  7 gnolls
  3 river rats (Sewer)
  A shadow imp (D:4)
  2 white imps
  3 worms (D:2)
  3 dart slugs
  16 orcs
  4 endoplasms
  3 giant cockroaches
  14 goblins
  3 hobgoblins
  7 jackals
  4 quokkas
  9 ball pythons
  7 bats
  12 frilled lizards
  16 kobolds
  13 rats
227 creatures vanquished.

Vanquished Creatures (others)
  An endoplasm (D:3)
  A bat (D:3)
  27 plants (Sewer)
29 creatures vanquished.

Grand Total: 256 creatures vanquished

Notes
Turn   | Place    | Note
-------+----------+-------------------------------------------
     0 | D:1      | Woods the Gnoll Transmuter began the quest for the Orb.
     0 | D:1      | Reached XP level 1. HP: 17/17 MP: 6/6
   217 | D:1      | Reached XP level 2. HP: 22/23 MP: 5/7
   450 | D:1      | Found a faded altar of an unknown god.
   530 | D:1      | Reached XP level 3. HP: 28/28 MP: 7/9
   576 | D:1      | Reached skill level 5 in Spellcasting
  1122 | D:2      | Reached skill level 1 in Invocations
  1228 | D:2      | Found a sparkling altar of Nemelex Xobeh.
  1396 | D:2      | Learned a level 2 spell: Wereblood
  1400 | D:2      | Learned a level 3 spell: Spider Form
  1434 | D:2      | Reached skill level 1 in Short Blades
  1434 | D:2      | Reached skill level 1 in Long Blades
  1434 | D:2      | Reached skill level 1 in Axes
  1434 | D:2      | Reached skill level 1 in Maces & Flails
  1434 | D:2      | Reached skill level 1 in Polearms
  1434 | D:2      | Reached skill level 1 in Staves
  1434 | D:2      | Reached skill level 1 in Slings
  1434 | D:2      | Reached skill level 1 in Bows
  1434 | D:2      | Reached skill level 1 in Crossbows
  1434 | D:2      | Reached skill level 1 in Throwing
  1434 | D:2      | Reached skill level 1 in Armour
  1434 | D:2      | Reached skill level 1 in Stealth
  1434 | D:2      | Reached skill level 1 in Shields
  1434 | D:2      | Reached skill level 1 in Evocations
  1856 | D:2      | Reached XP level 4. HP: 34/34 MP: 4/11
  2352 | D:3      | Found a white marble altar of Elyvilon.
  2546 | D:3      | Reached skill level 1 in Conjurations
  2546 | D:3      | Reached skill level 1 in Hexes
  2546 | D:3      | Reached skill level 1 in Summonings
  2546 | D:3      | Reached skill level 1 in Necromancy
  2546 | D:3      | Reached skill level 1 in Translocations
  2546 | D:3      | Reached skill level 1 in Fire Magic
  2546 | D:3      | Reached skill level 1 in Ice Magic
  2546 | D:3      | Reached skill level 1 in Air Magic
  2546 | D:3      | Reached skill level 1 in Earth Magic
  2546 | D:3      | Reached skill level 1 in Poison Magic
  2940 | D:3      | Reached XP level 5. HP: 40/40 MP: 8/12
  3278 | D:4      | Noticed an ogre
  3343 | D:4      | Noticed a centaur
  3350 | D:4      | Killed a centaur
  3351 | D:4      | Reached XP level 6. HP: 27/47 MP: 6/13
  4002 | D:4      | Reached skill level 5 in Dodging
  4411 | D:5      | Entered Level 5 of the Dungeon
  4566 | D:5      | Reached XP level 7. HP: 50/52 MP: 15/15
  4628 | D:5      | Found a glowing drain.
  4648 | Sewer    | Entered a sewer
  4739 | Sewer    | Reached skill level 7 in Unarmed Combat
  5269 | Sewer    | Reached XP level 8. HP: 60/60 MP: 10/16
  5577 | Sewer    | Learned a level 4 spell: Ice Form
  5682 | D:5      | Noticed Ijyb
  5695 | D:5      | Paralysed by Ijyb for 3 turns
  5701 | D:5      | Killed Ijyb
  5741 | D:5      | Found a shadowy altar of Dithmenos.
  5950 | D:5      | Identified the +1 spear of Spores {vorpal, *Corrode rC++
                  | SInv}
  6207 | D:5      | Identified 3 scrolls of acquirement
  6209 | D:5      | Acquired 917 gold pieces
  6210 | D:5      | Acquired the +3 warlock's mirror {reflect}
  6210 | D:5      | Found the +3 warlock's mirror {reflect}
  6212 | D:5      | Acquired a +1 pair of gloves of hurling
  6502 | D:6      | Identified the +0 scale mail "Haux" {rElec rCorr Str+4
                  | Dex-2}
  6536 | D:6      | Got the Collected Works on Bewitchment and Companions
  6591 | D:7      | Found Gagemo's Antique Weapon Shoppe.
  6632 | D:7      | Found a staircase to the Ecumenical Temple.
  6646 | D:7      | Reached skill level 5 in Transmutations
  6646 | D:7      | Reached XP level 9. HP: 61/66 MP: 12/18
  6658 | Temple   | Entered the Ecumenical Temple
  6937 | Temple   | Became a worshipper of Cheibriados the Contemplative
  7005 | D:7      | Found Qahudd's General Store.
  7125 | D:7      | Found Wenu Gie's Armour Shoppe.
  7172 | D:7      | Found Ychiciu's General Store.
  7177 | D:7      | Bought a scroll of teleportation for 36 gold pieces
  7364 | D:7      | Found a snail-covered altar of Cheibriados.
  7367 | D:7      | Found Cheibriados's Comfort Zone.
  7371 | D:7      | Bought the +3 hat of Pondering {ponderous, Will+ MP+10
                  | Int+5} for 571 gold pieces
  7371 | D:7      | Found the +3 hat of Pondering {ponderous, Will+ MP+10
                  | Int+5}
  7537 | D:7      | Found Buth's Distillery.
  7550 | D:7      | Bought a potion of curing for 42 gold pieces
  7550 | D:7      | Bought a potion of cancellation for 112 gold pieces
  7550 | D:7      | Bought a potion of curing for 42 gold pieces
  8479 | D:8      | Reached skill level 5 in Fighting
  8513 | D:8      | Learned a level 6 spell: Statue Form
  8683 | D:8      | Reached * piety under Cheibriados
  8686 | D:8      | Noticed an efreet
  8692 | D:8      | Reached skill level 8 in Unarmed Combat
  9243 | D:8      | Reached skill level 5 in Invocations
  9430 | D:7      | Bought a potion of magic for 112 gold pieces
  9430 | D:7      | Bought a potion of heal wounds for 70 gold pieces
  9769 | D:9      | Reached XP level 10. HP: 41/74 MP: 20/20
 10181 | D:9      | Reached ** piety under Cheibriados
 10235 | D:9      | Reached skill level 5 in Short Blades
 10235 | D:9      | Reached skill level 5 in Long Blades
 10235 | D:9      | Reached skill level 5 in Axes
 10235 | D:9      | Reached skill level 5 in Maces & Flails
 10235 | D:9      | Reached skill level 5 in Polearms
 10235 | D:9      | Reached skill level 5 in Staves
 10235 | D:9      | Reached skill level 5 in Slings
 10235 | D:9      | Reached skill level 5 in Bows
 10235 | D:9      | Reached skill level 5 in Crossbows
 10235 | D:9      | Reached skill level 5 in Throwing
 10235 | D:9      | Reached skill level 5 in Armour
 10235 | D:9      | Reached skill level 5 in Stealth
 10235 | D:9      | Reached skill level 5 in Shields
 10235 | D:9      | Reached skill level 5 in Evocations
 10396 | D:9      | Noticed a tengu warrior
 10754 | D:10     | Entered Level 10 of the Dungeon
 10759 | D:10     | Paralysed by a hornet for 2 turns
 11543 | D:10     | Noticed a two-headed ogre
 11980 | D:11     | You fall into a shaft and drop 1 floor!
 11983 | D:12     | Noticed a purple ugly thing
 11990 | D:12     | Noticed a two-headed ogre
 12002 | D:12     | Killed a two-headed ogre
 12296 | D:11     | Noticed a cyclops
 12299 | D:11     | Noticed a boulder beetle
 12306 | D:11     | Killed a cyclops
 12335 | D:11     | Reached *** piety under Cheibriados
 12343 | D:11     | Reached XP level 11. HP: 73/83 MP: 22/22
 12359 | D:11     | Killed a boulder beetle
 12360 | D:11     | Reached skill level 9 in Unarmed Combat
 12501 | D:11     | Noticed a cyclops
 12508 | D:11     | Killed a cyclops
 12509 | D:11     | Reached skill level 5 in Conjurations
 12509 | D:11     | Reached skill level 5 in Hexes
 12509 | D:11     | Reached skill level 5 in Summonings
 12509 | D:11     | Reached skill level 5 in Necromancy
 12509 | D:11     | Reached skill level 5 in Translocations
 12509 | D:11     | Reached skill level 5 in Fire Magic
 12509 | D:11     | Reached skill level 5 in Ice Magic
 12509 | D:11     | Reached skill level 5 in Air Magic
 12509 | D:11     | Reached skill level 5 in Earth Magic
 12509 | D:11     | Reached skill level 5 in Poison Magic
 12542 | D:11     | Found a staircase to the Orcish Mines.
 12992 | D:11     | Killed from afar by an acid dragon

Illustrated notes

Levels and vault maps discovered:
D:1:      dpeg_arrival_subterranean_lakeside_camping, layout_basic,
          chequers_ecumenical_altar_island
D:2:      layout_loops_cross, serial_aquarium, aquarium_bridge_island_small
          [aquarium_subvault_small_water, aquarium_subvault_wall,
          aquarium_subvault_balcony, aquarium_subvault_bridge,
          aquarium_subvault_bridge], aquarium_window_fake, aquarium_window_fake,
          aquarium_view_2c, aquarium_view_2d, basic_altar
D:3:      layout_rooms, elyvilon_altar_4, grunt_decor_arrowhead,
          grunt_ministairs_15
D:4:      layout_rooms
D:5:      layout_cave_pools, grunt_dithmenos_shadows, portal_sewer_entry_c,
          uniq_ijyb
D:6:      layout_rooms
D:7:      layout_loops_corners, minmay_temple_entry_steel_oval, serial_shops,
          nicolae_stop_n_shop_2, nicolae_lakefront_shop, shop,
          nicolae_shop_hallway_plus, minmay_shop_chei,
          minmay_misc_feat_nine_boxes, nicolae_wooded_promenade,
          kennysheep_small_spiral, uniq_crazy_yiuf_cottage
D:8:      layout_loops_ring, minmay_puff
D:9:      layout_basic, enter_bailey_3, serial_glass, glass_columns_b,
          glass_columns_a, glass_columns_a, glass_columns_a, glass_columns_a,
          uniq_maggie
D:10:     layout_loops_ring
D:11:     layout_loops_ring, erik_lair_dragon, david_orc_5
D:12:     layout_roguey, the_hattery, uniq_jorgrun
Temple:   mainiacjoe_temple_big_plus

Skill      XL: |  1  2  3  4  5  6  7  8  9 10 11 |
---------------+----------------------------------+-----
Spellcasting   | 5 6 7 8 |  8.0
Invocations    | 1 2 3 4 5 6 |  6.7
Short Blades   | 1 2 3 4 5 6 |  6.1
Long Blades    | 1 2 3 4 5 6 |  6.1
Axes           | 1 2 3 4 5 6 |  6.1
Maces & Flails | 1 2 3 4 5 6 |  6.1
Polearms       | 1 2 3 4 5 6 |  6.1
Staves         | 1 2 3 4 5 6 |  6.1
Slings         | 1 2 3 4 5 6 |  6.1
Bows           | 1 2 3 4 5 6 |  6.1
Crossbows      | 1 2 3 4 5 6 |  6.1
Throwing       | 1 2 3 4 5 6 |  6.1
Armour         | 1 2 3 4 5 6 |  6.1
Stealth        | 1 2 3 4 5 6 |  6.1
Shields        | 1 2 3 4 5 6 |  6.1
Evocations     | 1 2 3 4 5 6 |  6.1
Conjurations   | 1 2 3 4 5 |  5.1
Hexes          | 1 2 3 4 5 |  5.1
Summonings     | 1 2 3 4 5 |  5.1
Necromancy     | 1 2 3 4 5 |  5.1
Translocations | 1 2 3 4 5 |  5.1
Fire Magic     | 1 2 3 4 5 |  5.1
Ice Magic      | 1 2 3 4 5 |  5.1
Air Magic      | 1 2 3 4 5 |  5.1
Earth Magic    | 1 2 3 4 5 |  5.1
Poison Magic   | 1 2 3 4 5 |  5.1
Fighting       | 3 4 5 6 |  6.7
Transmutations | 4 5 6 |  6.4
Dodging        | 5 6 7 |  7.8
Unarmed Combat | 7 8 9 |  9.1

Action                   |  1- 3 |  4- 6 |  7- 9 | 10-12 || total
-------------------------+-------+-------+-------+-------++-------
Melee: Unarmed           |   104 |    96 |   397 |   191 ||   788
       Headbutt          |     6 |    11 |    12 |       ||    29
       Bite              |     4 |     5 |    15 |     1 ||    25
       Kick              |    10 |    16 |    14 |       ||    40
       Punch             |     2 |     1 |     4 |       ||     7
Throw: Stone             |       |       |     3 |       ||     3
 Cast: Beastly Appendage |    24 |    18 |    16 |     1 ||    59
       Spider Form       |     2 |     8 |    23 |     8 ||    41
       Wereblood         |       |       |     4 |     1 ||     5
       Ice Form          |       |       |     6 |    12 ||    18
 Abil: End Transformatio |       |       |     1 |     2 ||     3
  Use: Scroll            |       |       |    13 |     5 ||    18
       Potion            |       |       |     3 |     1 ||     4
 Stab: Sleeping          |     1 |       |     3 |     4 ||     8
Armor: Robe              |    16 |    12 |    32 |       ||    60
       Skin              |       |     2 |    29 |    17 ||    48
       Acid dragon scale |       |       |       |     2 ||     2
Dodge: Dodged            |    89 |    60 |   285 |   104 ||   538
Block: Buckler           |       |       |    27 |     8 ||    35
       Reflection        |       |       |     3 |     2 ||     5
